 Dungeon Crawl Stone Soup version 0.27-a0-633-gc6addc0a40 (webtiles) character file.

Game seed: 14709726543389119715

1937 shoop the Basher (level 9, -13/79 HPs)
             Began as an Ogre Berserker on Mar 13, 2021.
             Was an Elder of Trog.
             Shot with a bolt by an orc warrior (20 damage)
             ... in a bailey.
             The game lasted 00:16:48 (6740 turns).

shoop the Basher (Ogre Berserker)                   Turns: 6740, Time: 00:16:48

Health: -13/79     AC:  8    Str: 23 (24) XL:     9   Next: 18%
Magic:  9/9        EV: 10    Int:  6 (8)  God:    Trog [****..]
Gold:   347        SH:  0    Dex:  9 (10) Spells: 8/8 levels left

rFire    + . .     SeeInvis .   a - +3 dire flail
rCold    . . .     Faith    .   (shield currently unavailable)
rNeg     . . .     Spirit   .   k - +0 animal skin
rPois    .         Reflect  .   (helmet restricted)
rElec    .         Harm     .   G - +0 cloak
rCorr    .         Rampage  .   (gloves unavailable)
Will     ++...     Clarity  +   (boots unavailable)
Stlth    +.........             i - amulet of regeneration
HPRegen  2.23/turn              L - +4 ring of protection
MPRegen  0.11/turn              (no ring)

@: regenerating
A: large, unfitting armour, tough skin 1, clarity, fire resistance 1, frail 1,
MP-powered wands
a: Renounce Religion, Berserk, Trog's Hand, Brothers in Arms


You were in a bailey.
You worshipped Trog.
Trog was greatly pleased with you.
You visited 1 branch of the dungeon, and saw 7 of its levels.
You also visited: Ossuary and Bailey.

You collected 491 gold pieces.
You spent 144 gold pieces at shops.

Inventory:

Hand Weapons
 a - a +3 dire flail (weapon)
 b - a +2 hunting sling of freezing
 J - a +0 mace
Missiles
 l - 59 stones
 p - 2 poisoned darts
 r - 39 sling bullets
 t - 3 curare-tipped darts
 B - 5 silver javelins
 I - 10 boomerangs
Armour
 k - a +0 animal skin (worn)
 G - a +0 cloak (worn)
Jewellery
 i - an amulet of regeneration (around neck)
 j - a ring of ice
 m - an amulet of guardian spirit
 E - an amulet of magic regeneration
 L - a +4 ring of protection (right hand)
Wands
 c - a wand of iceblast (6)
 z - a wand of paralysis (5)
Scrolls
 e - 4 scrolls of teleportation
 o - a scroll of immolation
 s - a scroll of random uselessness
 v - a scroll of fog
 y - 4 scrolls of magic mapping
 A - a scroll of enchant weapon {unknown}
 D - 2 scrolls of vulnerability {unknown}
 F - 2 scrolls of blinking
 H - a scroll of fear
 K - a scroll of amnesia {unknown}
Potions
 d - 3 potions of lignification {unknown}
 f - 6 potions of curing
 g - 2 potions of might
 h - 5 potions of mutation
 n - 2 potions of ambrosia
 q - 3 potions of attraction
 u - 3 potions of degeneration
 w - a potion of flight
 x - a potion of brilliance
 C - a potion of magic


   Skills:
 - Level 5.1 Fighting
 * Level 10.6 Maces & Flails
 - Level 1.1 Throwing
 - Level 2.6 Dodging


You had 8 spell levels left.
You didn't know any spells.
Your spell library contained the following spells:

 Spells                   Type           Power      Damage    Failure   Level
 Confusing Touch          Hex            0%         N/A       83%         3
 Gell's Gravitas          Tloc           0%         N/A       83%         3
 Petrify                  Tmut/Erth      0%         N/A       99%         4
 Metabolic Englaciation   Hex/Ice        0%         N/A       100%        5
 Yara's Violent Unravell  Hex/Tmut       0%         3d3       100%        5


Dungeon Overview and Level Annotations

Branches:
Dungeon (7/15)             Temple (0/1) D:4         Ossuary (visited)
 Bailey (1/1)

Altars:
Ashenzari
Fedhas
Kikubaaqudgha
Uskayaw
Zin

Shops:
D:5 =:[!   D:6 ?


Innate Abilities, Weirdness & Mutations

You are too large for most types of armour.
You have tough skin. (AC +1)
You possess an exceptional clarity of mind.
Your flesh is heat resistant. (rF+)
You are frail. (-10% HP)
You expend magic power (3 MP) to strengthen your wands.


Message History

The scroll dissolves into smoke.
The orc warrior hits you from afar with a +0 halberd!
Your +2 hunting sling of freezing stops glowing.
a - a +3 dire flail (weapon)
The orc warrior hits you with a +0 halberd!!
* * * LOW HITPOINT WARNING * * *
You hear a shout! x2
You barely miss the orc warrior.
It was a potion of mutation.
You feel extremely strange.
You feel your magical essence link to the dungeon's wands.
You feel resistant to heat.
You feel frail.
Your thoughts seem clearer.
The orc warrior misses you.
Your skin crawls.
You feel strong-willed. Trog will no longer gift you weapons.
The orc warrior completely misses you.
It was a potion of degeneration.
There was something very wrong with that liquid.
You feel weakened.
You feel dopey.
You feel clumsy.
The orc warrior hits you with a +0 halberd.
* * * LOW HITPOINT WARNING * * *
The orc warrior shoots a bolt.
The bolt hits you but does no damage.
You hear a shout!
It was a potion of ambrosia.
You are confused.
You feel invigorated.
The orc warrior hits you with a +0 halberd!
* * * LOW HITPOINT WARNING * * *
You bump into the rock wall.
The orc warrior shoots a bolt.
The bolt hits you.
* * * LOW HITPOINT WARNING * * *
The orc warrior barely misses you.
You bump into the rock wall.
The orc warrior shoots a bolt.
The bolt hits you!
* * * LOW HITPOINT WARNING * * *
You hear a shout!
You bump into the rock wall.
You feel less invigorated.
You feel less confused.
The orc warrior hits you with a +0 halberd!
* * * LOW HITPOINT WARNING * * *
The orc warrior shoots a bolt.
The bolt hits you!!
You die...

### ##§## #@§§#
#o§§# .§§§o..
o≈.....§.≈o
≈o≈≈.......≈≈o≈
≈≈≈..#...#..≈≈≈
..(.##...##..o.
#### ##∩## ####


You could see 2 orc warriors.

Vanquished Creatures
  Menkaure (D:5)
  2 sky beasts
  3 ogres
  A phantom (D:5)
  A bullfrog (D:7)
  A wyvern zombie (D:7)
  A scorpion (D:4)
  A wyvern skeleton (D:6)
  3 wights (D:7)
  2 howler monkeys
  2 hounds
  A jelly (D:7)
  An orc priest (D:3)
  A bullfrog skeleton (D:2)
  An iguana (D:7)
  Ijyb (D:5)
  5 worker ants
  5 orc wizards
  A hound zombie (D:5)
  8 mummies (Ossuary)
  A worker ant zombie (D:5)
  7 gnolls
  7 adders
  2 oozes
  2 adder skeletons
  4 worms
  3 dart slugs
  4 leopard geckos
  27 orcs
  2 giant cockroaches
  11 goblins
  9 hobgoblins
  5 quokkas
  A ball python (D:2)
  8 bats
  5 frilled lizards
  A gnoll zombie (Ossuary)
  2 hobgoblin zombies (Ossuary)
  12 kobolds
  3 kobold zombies (Ossuary)
  2 orc zombies (Ossuary)
  9 rats
169 creatures vanquished.

Notes
Turn   | Place    | Note
-------+----------+-------------------------------------------
     0 | D:1      | shoop the Ogre Berserker began the quest for the Orb.
     0 | D:1      | Reached XP level 1. HP: 24/24 MP: 1/1
   114 | D:1      | Reached skill level 3 in Maces & Flails
   114 | D:1      | Reached XP level 2. HP: 27/32 MP: 2/2
  1027 | D:2      | Reached XP level 3. HP: 40/40 MP: 3/3
  1184 | D:2      | Reached XP level 4. HP: 41/49 MP: 4/4
  1464 | D:2      | Reached skill level 5 in Fighting
  1464 | D:2      | Reached skill level 4 in Maces & Flails
  1987 | D:2      | Reached XP level 5. HP: 57/57 MP: 5/5
  2053 | D:2      | Found an ancient bone altar of Kikubaaqudgha.
  2057 | D:2      | Found a blossoming altar of Fedhas.
  2096 | D:2      | Reached ** piety under Trog
  2890 | D:3      | Found a hide-covered altar of Uskayaw.
  3068 | D:3      | Reached skill level 5 in Maces & Flails
  3068 | D:3      | Reached skill level 1 in Throwing
  3174 | D:3      | Reached XP level 6. HP: 66/66 MP: 6/6
  3604 | D:4      | Reached skill level 6 in Maces & Flails
  3646 | D:4      | Reached *** piety under Trog
  3872 | D:4      | Found a staircase to the Ecumenical Temple.
  4046 | D:4      | Reached XP level 7. HP: 72/72 MP: 7/7
  4186 | D:4      | Reached skill level 7 in Maces & Flails
  4494 | D:5      | Entered Level 5 of the Dungeon
  4534 | D:5      | Found a sand-covered staircase.
  4543 | Ossuary  | Entered an ossuary
  4950 | D:5      | Reached skill level 8 in Maces & Flails
  4956 | D:5      | Reached **** piety under Trog
  4957 | D:5      | Reached XP level 8. HP: 80/80 MP: 8/8
  4976 | D:5      | Found a glowing silver altar of Zin.
  4985 | D:5      | Found Omotadad's Distillery.
  4990 | D:5      | Noticed Ijyb
  5007 | D:5      | Killed Ijyb
  5028 | D:5      | Noticed Menkaure
  5034 | D:5      | Killed Menkaure
  5065 | D:5      | Bought a potion of curing for 39 gold pieces
  5108 | D:5      | Found Ulaor's Armour Shop.
  5121 | D:5      | Found Uguat's Jewellery Shop.
  5129 | D:5      | Found Atsus's Book Shop.
  5347 | D:5      | Reached skill level 9 in Maces & Flails
  5568 | D:5      | Found a broken altar of Ashenzari.
  6217 | D:6      | Found Ceih's Magic Scroll Shoppe.
  6300 | D:6      | Bought a scroll of blinking for 105 gold pieces
  6342 | D:7      | Reached skill level 10 in Maces & Flails
  6344 | D:7      | Reached XP level 9. HP: 88/88 MP: 9/9
  6520 | D:7      | Found a flagged portal.
  6581 | D:7      | Reached ***** piety under Trog
  6724 | Bailey   | Entered a bailey
  6724 | Bailey   | Noticed an orc knight
  6734 | Bailey   | Gained mutation: You expend magic power (3 MP) to
                  | strengthen your wands. [potion of mutation]
  6734 | Bailey   | Gained mutation: Your flesh is heat resistant. (rF+)
                  | [potion of mutation]
  6734 | Bailey   | Gained mutation: You are frail. (-10% HP) [potion of
                  | mutation]
  6734 | Bailey   | Gained mutation: You possess an exceptional clarity of
                  | mind. [potion of mutation]
  6740 | Bailey   | Shot with a bolt by an orc warrior

Illustrated notes

Levels and vault maps discovered:
D:1:      lightli_iron_boxes, layout_basic, due_unseen_surprise
D:2:      minmay_chambers_of_twos, layout_loops_corners,
          grunt_temple_overflow_growth_and_decay
D:3:      layout_basic, lemuel_round_altar
D:4:      layout_cave_pods, minmay_temple_entry_antechambers
D:5:      layout_basic, general_overflow_altar, serial_shops, shop, shop, shop,
          shop_statue, nicolae_ossuary_entry_ruins, basic_altar, uniq_menkaure,
          uniq_ijyb
D:6:      layout_rooms, serial_shops, kennysheep_mini
D:7:      layout_basic, enter_bailey_4, uniq_prince_ribbit1,
          uniq_crazy_yiuf_cottage
Bailey:   bailey_polearm_4, bailey

Skill      XL: |  1  2  3  4  5  6  7  8 |
---------------+-------------------------+-----
Maces & Flails | 3 4 5 6 8 10 | 10.6
Fighting       | 5 |  5.1
Throwing       | 1 |  1.1
Dodging        | |  2.6

Action                   |  1- 3 |  4- 6 |  7- 9 || total
-------------------------+-------+-------+-------++-------
Melee: Mace              |    74 |   112 |    50 ||   236
       Dire flail        |       |       |     1 ||     1
 Fire: Hunting sling     |       |   140 |   278 ||   418
Invok: Berserk           |     2 |     3 |     5 ||    10
       Trog's Hand       |       |     1 |     2 ||     3
  Use: Scroll            |       |       |    13 ||    13
       Potion            |       |       |     3 ||     3
Armor: Animal skin       |    18 |    50 |    21 ||    89
Dodge: Dodged            |    41 |    50 |    75 ||   166

Table legend: (Time is in decaauts)
 A = Elapsed time spent in this place.
 B = Non-inter-level travel time spent in this place.
 C = Inter-level travel time spent in this place.
 D = Time resting spent in this place.
 E = Time spent auto-exploring this place.
 F = Levels seen in this place.
 G = Mean time per level.
                   A        B        C        D        E       F      G
               +--------+--------+--------+--------+--------+-----+--------+
         Total |   6930 |   6643 |    287 |    133 |   5036 |   9 |  770.0 |
       Dungeon |   6573 |   6286 |    287 |    129 |   4814 |   7 |  939.0 |
       Ossuary |    341 |    341 |      0 |      4 |    222 |   1 |  341.0 |
        Bailey |     15 |     15 |      0 |      0 |      0 |   1 |   15.0 |
               +--------+--------+--------+--------+--------+-----+--------+

Top non-repeatable levels by time:
     D:2: 1520 daAuts
     D:4: 1098 daAuts
     D:1: 1001 daAuts
     D:3: 972 daAuts
     D:5: 824 daAuts
     D:6: 767 daAuts
     D:7: 389 daAuts
 Ossuary: 341 daAuts
  Bailey: 15 daAuts
